 Dungeon Crawl Stone Soup version 0.30-a0-757-ga6a79fd877 (webtiles) character file.

Game seed: 24573135866067037

98 Hubris850 the Chopper (level 5, 0/46 HPs)
             Began as a Meteoran Cinder Acolyte on Feb 9, 2023.
             Was a High Priest of Ignis.
             Slain by Eustachio
             ... wielding a +0 falchion
              (6 damage)
             ... on level 5 of the Dungeon.
             The game lasted 00:04:52 (736 turns).

Hubris850 the Chopper (Meteoran Cinder Acolyte)      Turns: 736, Time: 00:04:53

Health: 0/46       AC:  6    Str: 15    XL:     5   Next: 22%
Magic:  10/10      EV: 10    Int: 18    God:    Ignis [*****.]
Gold:   110        SH:  0    Dex:  9    Spells: 7/9 levels left

rFire   + + .      SeeInvis .    a - -1 hand axe (flame)
rCold   . . .      Faith    .    (no shield)
rNeg    . . .      Spirit   .    i - +1 ring mail {rF+}
rPois   .          Reflect  .    (no helmet)
rElec   .          Harm     .    (no cloak)
rCorr   .          Rampage  .    (no gloves)
Will    .....                    (no boots) Stlth
                                 (no amulet)
HPRegen 0.27/turn                (no ring)
MPRegen 0.12/turn                (no ring)

@: glowing
A: sense surroundings 1, otherworldly, glowing, explore regen
a: Renounce Religion, Fiery Armour, Foxfire Swarm, Rising Flame


You were on level 5 of the Dungeon.
You worshipped Ignis.
Ignis was extremely pleased with you.
You visited 1 branch of the dungeon, and saw 5 of its levels.

You collected 110 gold pieces.

Inventory:

Hand Weapons
 a - a -1 hand axe of flaming (weapon)
 h - a +0 sling
Missiles
 c - 4 poisoned darts (quivered)
Armour
 b - a +0 robe
 i - a +1 ring mail of fire resistance (worn)
Scrolls
 d - a scroll of noise {unknown}
 f - 2 scrolls of fog {unknown}
 g - a scroll of summoning {unknown}
 j - 2 scrolls of enchant armour {unknown}
 o - a scroll of immolation {unknown}
Potions
 e - a potion of haste {unknown}
 k - a potion of attraction {unknown}
 l - a potion of magic {unknown}
 m - a potion of flight {unknown}
 n - a potion of might {unknown}


   Skills:
 + Level 4.0 Fighting
 + Level 4.4 Axes
 + Level 2.8 Spellcasting
 + Level 4.4 Fire Magic


You had 7 spell levels left.
You knew the following spells:

 Your Spells              Type           Power      Damage    Failure   Level
a - Scorch                Fire           36%        2d7       8%          2

Your spell library contained the following spells:

 Spells                   Type           Power      Damage    Failure   Level
 Sandblast                Erth           4%         2d4       32%         1
 Summon Small Mammal      Summ           8%         N/A       32%         1
 Passwall                 Tmut/Erth      1%         N/A       45%         2
 Call Canine Familiar     Summ           2%         N/A       69%         3
 Stone Arrow              Conj/Erth      4%         3d7       69%         3
 Summon Guardian Golem    Hex/Summ       2%         N/A       69%         3


Dungeon Overview and Level Annotations

Branches:
Dungeon (5/15) Zot: 2259
 Temple: D:4-7

Altars:
Ashenzari
Elyvilon

Annotations:
D:5 Eustachio


Innate Abilities, Weirdness & Mutations

You passively map a small area around you.
You are easily found by Zot.
You glow in the dark.
You regain HP and MP as you explore.


Message History

Found a book of Geomancy.
Found 12 gold pieces.
Found a robe.
You pick up a book of Geomancy and begin reading...
You add the spells Sandblast, Passwall and Stone Arrow to your library.
You now have 110 gold pieces (gained 12).
Found a scroll labelled CETOLY QIDI.
j - 2 scrolls labelled CETOLY QIDI (gained 1)
Found a stone staircase leading down.
There is a stone staircase leading down here.
You climb downwards.
There is a stone staircase leading up here.
Eustachio the Magnificent comes into view.
He is wielding a +0 falchion.
Eustachio shouts!
Eustachio moves out of view.
A hound comes into view.
You miss Eustachio.
The hound barks!
Eustachio mumbles some strange words.
Okay, then.
Okay, then.
You miss Eustachio. You hit the iron imp.
Eustachio hits you with a +0 falchion.
You hit Eustachio but do no damage. You hit the iron imp.
The iron imp hits you. Eustachio hits you with a +0 falchion.
You miss Eustachio. You hit the iron imp but do no damage.
The iron imp hits you but does no damage.
Eustachio hits you with a +0 falchion.
You barely miss Eustachio. You hit the iron imp. The iron imp hits you.
Eustachio hits you with a +0 falchion.
You hit Eustachio. You burn Eustachio.
Eustachio is lightly wounded.
You hit the iron imp. Eustachio hits you with a +0 falchion.
The iron imp hits you.
Okay, then.
The crimson imp blinks!
Eustachio attacks as you move away! Eustachio hits you with a +0 falchion!
* * * LOW HITPOINT WARNING * * *
Eustachio attacks as you move away! Eustachio hits you with a +0 falchion.
You die...

* * ###### * * *
###....# ,* * *
,* #....### , *
###.## * * .. #.#
**,, , #. *
##.### #..
#....#### * .
#...
##..#.@@h####....
#..#
##..#####..5...#
#...##..##
###5..##
..#......## #5##
, .........# *
..# ,.........##
,.# * ###..###.<#
.# #... #....#* .
#.# * #....... .#
, ,~


You could see Eustachio, a hound, 2 iron imps and a crimson imp (summoned).

Vanquished Creatures
  4 gnolls (D:4)
  3 adders
  2 dart slugs
  An orc (D:3)
  3 endoplasms
  2 giant cockroaches
  A hobgoblin (D:3)
  4 jackals (D:4)
  A ball python (D:1)
  A bat (D:1)
  2 frilled lizards (D:1)
  3 goblins
  2 kobolds
  A rat (D:1)
30 creatures vanquished.

Vanquished Creatures (others)
  36 plants
36 creatures vanquished.

Grand Total: 66 creatures vanquished

Notes
Turn   | Place    | Note
-------+----------+-------------------------------------------
     0 | D:1      | Hubris850 the Meteoran Cinder Acolyte began the quest for
                  | the Orb.
     0 | D:1      | Reached XP level 1. HP: 19/19 MP: 3/3
   103 | D:1      | Reached XP level 2. HP: 26/26 MP: 3/5
   109 | D:1      | Learned a level 2 spell: Scorch
   259 | D:3      | Reached XP level 3. HP: 25/31 MP: 5/7
   356 | D:3      | Found a white marble altar of Elyvilon.
   457 | D:4      | Reached XP level 4. HP: 28/40 MP: 8/8
   465 | D:4      | Reached XP level 5. HP: 14/46 MP: 8/10
   616 | D:4      | Found a broken altar of Ashenzari.
   704 | D:5      | Entered Level 5 of the Dungeon
   724 | D:5      | Noticed Eustachio
   736 | D:5      | Slain by Eustachio

Illustrated notes

Levels and vault maps discovered:
D:1:      roderic_crop_circles_arrival_small, layout_loops_cross,
          minmay_misc_feat_ornament
D:2:      layout_basic
D:3:      layout_rooms, mainiacjoe_overflow_chevrons, dk_noncrumbling_2,
          uniq_natasha
D:4:      layout_loops_cross, ashenzari_conservatory_becter
D:5:      nicolae_cairo_tiling_very_big, layout_layer_cave,
          nicolae_tso_besieged_by_evil, kiku_gazebo_pond_becter, minivault_23,
          minmay_shop_damaged, minmay_misc_feat_square,
          minmay_misc_feat_encased, uniq_blork_the_orc, uniq_eustachio,
          uniq_grinder

Skill      XL: |  1  2  3  4 |
---------------+-------------+-----
Spellcasting   | 2 |  2.8
Fire Magic     | 4 |  4.4
Axes           | 4 |  4.4
Fighting       | 4 |  4.0

Action                     |  1- 3 |  4- 6 || total
---------------------------+-------+-------++-------
  Melee: Hand axe          |    43 |    16 ||    59
 Invoke: Fiery Armour      |       |     1 ||     1
 Armour: Robe              |     2 |       ||     2
         Ring mail         |     6 |    16 ||    22
  Dodge: Dodged            |    24 |     7 ||    31

Table legend: (Time is in decaauts)
 A = Elapsed time spent in this place.
 B = Non-inter-level travel time spent in this place.
 C = Inter-level travel time spent in this place.
 D = Time resting spent in this place.
 E = Time spent auto-exploring this place.
 F = Levels seen in this place.
 G = Mean time per level.
                   A        B        C        D        E       F      G
               +--------+--------+--------+--------+--------+-----+--------+
         Total |    740 |    740 |      0 |      0 |     83 |   5 |  148.0 |
       Dungeon |    740 |    740 |      0 |      0 |     83 |   5 |  148.0 |
               +--------+--------+--------+--------+--------+-----+--------+

Top non-repeatable levels by time:
     D:4: 253 daAuts
     D:3: 201 daAuts
     D:1: 188 daAuts
     D:2: 64 daAuts
     D:5: 32 daAuts
